Cogmind - Beta 12 *** ADVENTURER MODE // 2023.05.19 @ 15:24:35 // Winter2019/RPGLIKE Player: Kiks Result: Self-destructed Performance ------------- Evolutions (3) 1500 Regions Visited (6) 1200 Robots Destroyed (66) 330 Value Destroyed (1690) 1690 Prototype IDs (2) 40 Alien Tech Used (0) 0 Bonus (68) 68 TOTAL SCORE: 4828 Bonus ------- High Alert Combat Kills 39 Follower Combat Kills 46 Friendly Fire -17 Cogmind --------- Core Integrity 600/600 Matter 300/300 Energy 160/160 System Corruption 0% Temperature Cool (0) Movement Walking (120) Location -7/Factory Parts ------- > --- POWER (1) -------- Light Nuclear Core > --- PROPULSION (3) --- Aluminum Leg Carbon-fiber Leg Carbon-fiber Leg > --- UTILITY (5) ------ Improved Terrain Scanner Core Analyzer Recoil Stabilizer Weapon Cycler Long-range Tractor Beam > --- WEAPON (6) ------- Heavy Assault Rifle Improved Assault Rifle Enhanced Autogun Enhanced Autogun Enhanced Autogun Enhanced Autogun > --- INVENTORY (4) ---- Improved EM Pulse Cannon Improved EM Pulse Cannon Improved EM Pulse Cannon Plasma Cutter Peak State ------------ > --- POWER ------------ Light Nuclear Core > --- PROPULSION ------- Aluminum Leg Carbon-fiber Leg Carbon-fiber Leg > --- UTILITY ---------- Improved Terrain Scanner Core Analyzer Recoil Stabilizer Weapon Cycler Long-range Tractor Beam > --- WEAPON ----------- Heavy Assault Rifle Improved Assault Rifle Enhanced Autogun Enhanced Autogun Enhanced Autogun Enhanced Autogun > --- INVENTORY -------- Improved EM Pulse Cannon Improved EM Pulse Cannon Improved EM Pulse Cannon Plasma Cutter [Rating: 49] Favorites ----------- Power Light Nuclear Core Engine Ion Engine Power Core Light Nuclear Core Propulsion Aluminum Leg Leg Aluminum Leg Utility Improved Terrain Scanner Device Improved Terrain Scanner Processor Core Analyzer Weapon Light Assault Rifle Energy Gun Small Laser Ballistic Gun Light Assault Rifle Special Weapon Plasma Cutter Build | -11 -10 -10 -10 -9 -8 -7 ------- Run | Jun Mat Min Exi Min Mat Fac Slots Evolved 11 | 3 . . . 3 4 1 Power . | . . . . . . . Propulsion 2 | 1 . . . . . 1 Utility 4 | 1 . . . 1 2 . Weapon 5 | 1 . . . 2 2 . Parts Attached 29 | 7 1 . . 3 17 1 Power 2 | 1 . . . . 1 . Engine 1 | 1 . . . . . . Core 1 | . . . . . 1 . Reactor . | . . . . . . . Propulsion 4 | 2 . . . . 1 1 Treads . | . . . . . . . Leg 4 | 2 . . . . 1 1 Wheel . | . . . . . . . Hover . | . . . . . . . Flight . | . . . . . . . Utility 9 | 2 . . . 1 6 . Device 7 | 2 . . . 1 4 . Storage . | . . . . . . . Processor 2 | . . . . . 2 . Hackware . | . . . . . . . Protection . | . . . . . . . Artifact . | . . . . . . . Weapon 14 | 2 1 . . 2 9 . Energy Gun 1 | 1 . . . . . . Energy Cannon . | . . . . . . . Ballistic Gun 12 | 1 1 . . 2 8 . Ballistic Cannon . | . . . . . . . Launcher . | . . . . . . . Special Weapon 1 | . . . . . 1 . Impact Weapon . | . . . . . . . Slashing Weapon . | . . . . . . . Piercing Weapon . | . . . . . . . Special Melee Weapon . | . . . . . . . Unidentified Prototypes 2 | . . . . . 2 . Parts Lost . | . . . . . . . Power . | . . . . . . . Propulsion . | . . . . . . . Utility . | . . . . . . . Weapon . | . . . . . . . Highest Loss Streak . | . . . . . . . To Critical Strikes . | . . . . . . . Average Slot Usage (%) 98 | . 100 100 100 96 98 95 Engine 6 | . 14 14 14 10 . . Core 3 | . . . . . 6 6 Leg 19 | . 28 28 28 21 14 14 Device 26 | . 28 28 28 25 26 26 Processor 2 | . . . . . 4 6 Ballistic Gun 36 | . 19 28 28 38 42 40 Naked Turns . | . . . . . . . Heaviest Build 27 | 9 9 9 9 12 27 27 Greatest Support 40 | 20 20 20 20 20 25 40 Greatest Overweight (x) 1 | . . . . . 1 1 Average Overweight (x) . | . . . . . . . Largest Inventory Capacity 4 | 4 4 4 4 4 4 4 Average Capacity 3 | 3 4 4 4 4 4 4 Most Carried 4 | . 2 2 2 4 4 4 Average Carried 3 | . . 2 2 3 3 4 Final Capacity 4 | 4 4 4 4 4 4 4 Final Carried 4 | . 2 2 2 4 4 4 Class Distribution -------------------- 36% | Mutant 26% | Scavenger-Executioner 25% | Executioner 6% | Scavenger-Skirmisher Dominant Class ---------------- Mutant | -10/Materials Mutant | -10/Mines Mutant | -10/Exiles Scavenger-Skirmisher | -9/Mines Scavenger-Executioner | -8/Materials Executioner | -7/Factory Resources | -11 -10 -10 -10 -9 -8 -7 ----------- Run | Jun Mat Min Exi Min Mat Fac Matter Collected 1417 | 276 59 24 . 80 770 208 Remotely 1124 | 25 59 24 . 80 728 208 Salvage Created 2107 | 125 403 10 . 191 1075 303 Parts 160 | 6 24 2 . 17 91 20 Haulers Intercepted 5 | . 2 . . . 3 . Recyclers Shooed 2 | . 2 . . . . . Parts Field Recycled . | . . . . . . . Retrieved Matter . | . . . . . . . Parts Self-Destructed . | . . . . . . . Prevented . | . . . . . . . Kills | -11 -10 -10 -10 -9 -8 -7 ------- Run | Jun Mat Min Exi Min Mat Fac Combat Hostiles Destroyed 44 | . 5 1 . 7 25 6 Guns 44 | . 5 1 . 7 25 6 Classes Destroyed 15 | 2 6 1 . 1 4 1 Worker 7 | . 2 . . 1 4 . Builder 1 | . . . . . 1 . Tunneler 2 | 1 . 1 . . . . Hauler 5 | . 2 . . . 3 . Recycler 2 | 1 1 . . . . . Mechanic 1 | . 1 . . . . . Operator 1 | . . . . . 1 . Watcher 4 | . 1 . . . 2 1 Swarmer 12 | . 3 . . 2 7 . Grunt 17 | . 2 . . 4 8 3 Brawler 1 | . . . . . 1 . Duelist 3 | . . . . 1 1 1 Sentry 8 | . . . . . 8 . Programmer 2 | . . . . . . 2 Assembled 1 | . . 1 . . . . Best Kill Streak 6 | 1 6 1 . 3 5 3 Combat Bots Only 5 | . 3 1 . 3 5 3 Max Kills in Single Turn 2 | 1 1 1 . 1 2 2 Gunslinging 1 | . . . . . 1 1 Exploded . | . . . . . . . Melee . | . . . . . . . Uniques/NPCs Destroyed . | . . . . . . . Combat | -11 -10 -10 -10 -9 -8 -7 -------- Run | Jun Mat Min Exi Min Mat Fac Damage Taken 658 | . 128 16 . 102 352 60 Core 513 | . 100 12 . 80 273 48 Absorbed by Shields . | . . . . . . . Redirected to Core 447 | . 82 12 . 72 245 36 Core Remaining (%) 100 | 100 . . . 100 100 . Volleys Fired 139 | 6 38 12 . 16 58 9 Largest 6 | 2 2 2 . 4 6 6 Hottest 146 | 60 60 40 . 80 140 146 Shots Fired 547 | 12 75 24 . 50 332 54 Gun 547 | 12 75 24 . 50 332 54 Cannon . | . . . . . . . Launcher . | . . . . . . . Special . | . . . . . . . Kinetic 515 | 6 49 24 . 50 332 54 Thermal 32 | 6 26 . . . . . Explosive . | . . . . . . . Electromagnetic . | . . . . . . . Robot Hit Streak 23 | 7 9 8 . 19 23 15 Robot Miss Streak 5 | 1 3 2 . 1 5 1 Penetration Max . | . . . . . . . Secondary Targets 10 | . 2 . . 2 5 1 Max Gunslinging Chain 1 | . 1 . . 1 1 1 Shots Hit Robots 322 | 10 48 15 . 32 185 32 Core Hits 142 | 4 21 4 . 19 81 13 Critical Kills . | . . . . . . . Critical Parts Destroyed 1 | . . . . . 1 . Critical Strikes 1 | . . . . . 1 . Destroy 1 | . . . . . 1 . Melee Attacks . | . . . . . . . Impact . | . . . . . . . Slashing . | . . . . . . . Piercing . | . . . . . . . Sneak Attacks . | . . . . . . . Combat Hostiles . | . . . . . . . Follow-up Attacks . | . . . . . . . Damage Inflicted 3737 | 96 446 118 . 250 2130 697 Guns 3737 | 96 446 118 . 250 2130 697 Cannons . | . . . . . . . Explosions . | . . . . . . . Melee . | . . . . . . . Ramming . | . . . . . . . Kinetic 3451 | 30 226 118 . 250 2130 697 Thermal 286 | 66 220 . . . . . Explosive . | . . . . . . . Electromagnetic . | . . . . . . . Impact . | . . . . . . . Slashing . | . . . . . . . Piercing . | . . . . . . . Highest Corruption . | . . . . . . . Average Corruption . | . . . . . . . Corruption Purged . | . . . . . . . Corruption Blocked . | . . . . . . . Overload Shots . | . . . . . . . Overflow Damage . | . . . . . . . Projectiles . | . . . . . . . Explosions . | . . . . . . . Melee . | . . . . . . . Knockbacks . | . . . . . . . Impact . | . . . . . . . Kinetic . | . . . . . . . Secondary . | . . . . . . . Self-Inflicted Damage . | . . . . . . . Shots . | . . . . . . . Rammed . | . . . . . . . Targets Rammed . | . . . . . . . Kicked . | . . . . . . . Crushed . | . . . . . . . Highest Temperature 473 | 40 60 . . 153 473 195 Average Temperature 75 | 20 29 . . 57 99 82 Received Heat Transfer 267 | . 42 . . 45 162 18 Effects 1 | . . . . . 1 . Matter Decay 1 | . . . . . 1 . Siege Activations . | . . . . . . . Robots Corrupted . | . . . . . . . Combat Hostiles . | . . . . . . . Parts Fried . | . . . . . . . Impact Corruptions . | . . . . . . . Robots Melted . | . . . . . . . Combat Hostiles . | . . . . . . . Parts Melted 2 | . 2 . . . . . Heat Transferred 650 | 150 500 . . . . . Parts Sabotaged . | . . . . . . . Parts Stolen . | . . . . . . . Parts Stripped . | . . . . . . . Power Chain Reactions . | . . . . . . . Missiles Intercepted . | . . . . . . . Alert | -11 -10 -10 -10 -9 -8 -7 ------- Run | Jun Mat Min Exi Min Mat Fac Peak Influence 530 | 10 187 117 . 242 530 405 Initial 206 | . 5 61 . . 79 206 Average 203 | 4 111 60 . 153 308 246 Maximum Alert Level 2 | . . . . 1 2 2 Low Security (%) 45 | 100 100 100 . 56 15 . Level 1 48 | . . . . 43 72 90 Level 2 5 | . . . . . 11 9 Level 3 . | . . . . . . . Level 4 . | . . . . . . . Level 5 . | . . . . . . . High Security . | . . . . . . . Max Security . | . . . . . . . Squads Dispatched 4 | . 1 . . . 1 2 Investigation 2 | . 1 . . . . 1 Extermination 1 | . . . . . . 1 Reinforcement 1 | . . . . . 1 . Assault . | . . . . . . . Garrison . | . . . . . . . Intercept . | . . . . . . . Searches Triggered . | . . . . . . . Construction Impeded . | . . . . . . . Haulers Reinforced . | . . . . . . . Active Scanning Responses . | . . . . . . . Cargo Convoy Interrupts . | . . . . . . . Stealth | -11 -10 -10 -10 -9 -8 -7 --------- Run | Jun Mat Min Exi Min Mat Fac Distress Signals 2 | . . . . . 2 . Communications Jammed . | . . . . . . . Distress Signals . | . . . . . . . Times Spotted 66 | . 9 5 . 10 34 8 Peak Tracking Total 4 | . 3 3 . 3 4 4 Tactical Retreats 2 | . . 1 . . . 1 Traps | -11 -10 -10 -10 -9 -8 -7 ------- Run | Jun Mat Min Exi Min Mat Fac Traps Triggered 1 | . 1 . . . . . Indirectly . | . . . . . . . Trap Hack Attempts . | . . . . . . . Triggered . | . . . . . . . Disarmed . | . . . . . . . Reprogrammed . | . . . . . . . Reused . | . . . . . . . Traps Extracted . | . . . . . . . Installed . | . . . . . . . Triggered . | . . . . . . . Machines | -11 -10 -10 -10 -9 -8 -7 ---------- Run | Jun Mat Min Exi Min Mat Fac Machines Disabled . | . . . . . . . Max in Single Turn . | . . . . . . . Machines Repaired . | . . . . . . . Machines Sabotaged . | . . . . . . . Overloaded Fab Kills . | . . . . . . . Hacking | -11 -10 -10 -10 -9 -8 -7 --------- Run | Jun Mat Min Exi Min Mat Fac Machines Accessed 13 | . 2 . 1 . 8 2 Terminals 12 | . 2 . . . 8 2 Fabricators . | . . . . . . . Repair Stations . | . . . . . . . Recycling Units . | . . . . . . . Scanalyzers . | . . . . . . . Garrison Access . | . . . . . . . Total Hacks 48 | . 7 . 19 . 16 6 Successful 38 | . 3 . 19 . 13 3 Failed 10 | . 4 . . . 3 3 Catastrophic 1 | . 1 . . . . . Database Lockouts . | . . . . . . . Manual 24 | . 4 . . . 14 6 Terminals 29 | . 7 . . . 16 6 Fabricators . | . . . . . . . Repair Stations . | . . . . . . . Recycling Units . | . . . . . . . Scanalyzers . | . . . . . . . Garrison Access . | . . . . . . . Terminal Hacks 27 | . 1 . 19 . 5 2 Record 19 | . . . 19 . . . Branch Access Points 3 | . 1 . . . 1 1 Alert Level 1 | . . . . . 1 . Locate Traps 1 | . . . . . . 1 Dispatch Records 1 | . . . . . 1 . Hauler Manifests 1 | . . . . . 1 . Zone Layout 1 | . . . . . 1 . Fabricator Hacks . | . . . . . . . Repair Station Hacks . | . . . . . . . Recycling Unit Hacks . | . . . . . . . Scanalyzer . | . . . . . . . Garrison Access Hacks . | . . . . . . . Unauthorized Hacks 11 | . 2 . . . 8 1 Terminals 11 | . 2 . . . 8 1 Botnet 11 | . 2 . . . 8 1 Fabricators . | . . . . . . . Repair Stations . | . . . . . . . Recycling Units . | . . . . . . . Scanalyzers . | . . . . . . . Garrison Access . | . . . . . . . Data Cores Recovered 1 | . . . . . 1 . Used . | . . . . . . . Hacking Detections 8 | . 1 . . . 5 2 Full Trace Events 1 | . . . . . . 1 Feedback Events . | . . . . . . . Feedback Blocked . | . . . . . . . Robot Schematics Acquired . | . . . . . . . Robots Built . | . . . . . . . Authchips . | . . . . . . . Time . | . . . . . . . Total Robot Build Rating . | . . . . . . . Part Schematics Acquired . | . . . . . . . Parts Built . | . . . . . . . Authchips . | . . . . . . . Time . | . . . . . . . Total Part Build Rating . | . . . . . . . Parts Repaired . | . . . . . . . Time . | . . . . . . . Parts Recycled . | . . . . . . . Recycled Matter . | . . . . . . . Retrieved Matter . | . . . . . . . Retrieved Components . | . . . . . . . Parts Scanalyzed . | . . . . . . . Part Schematics Acquired . | . . . . . . . Parts Damaged . | . . . . . . . Bothacking | -11 -10 -10 -10 -9 -8 -7 ------------ Run | Jun Mat Min Exi Min Mat Fac Used RIF Installer . | . . . . . . . Robots Hacked . | . . . . . . . Non-combat . | . . . . . . . Combat . | . . . . . . . Robot Hacks Applied . | . . . . . . . Relay Couplers Released . | . . . . . . . Fabnet Peak Effective % . | . . . . . . . Robots Rewired . | . . . . . . . Allies Hacked . | . . . . . . . Hacks Repelled . | . . . . . . . Allies | -11 -10 -10 -10 -9 -8 -7 -------- Run | Jun Mat Min Exi Min Mat Fac Total Allies 3 | . . 3 . . . . Largest Group 3 | . . 3 3 3 . . Highest-Rated Group 40 | . . 40 40 40 . . Highest-Rated Ally 16 | . . 16 16 16 . . Total Orders . | . . . . . . . Ally Attacks 32 | . . 15 . 17 . . Total Damage 298 | . . 174 . 124 . . Kills 6 | . . 3 . 3 . . Allies Corrupted . | . . . . . . . Allies Melted . | . . . . . . . Intel | -11 -10 -10 -10 -9 -8 -7 ------- Run | Jun Mat Min Exi Min Mat Fac Robot Analysis Total . | . . . . . . . Derelict Logs Recovered 3 | . . 2 . 1 . . Drone Launches . | . . . . . . . Drone Recoveries . | . . . . . . . Exploration | -11 -10 -10 -10 -9 -8 -7 ------------- Run | Jun Mat Min Exi Min Mat Fac Turns Passed 3095 | 82 261 590 155 377 1179 451 Spaces Moved 1974 | 50 124 451 125 202 766 256 Core 6 | 6 . . . . . . Treads . | . . . . . . . Legs 1968 | 44 124 451 125 202 766 256 Wheels . | . . . . . . . Hover . | . . . . . . . Flight . | . . . . . . . Fastest Speed 50 | 50 120 120 120 120 120 120 Average Speed 127 | 111 120 120 120 120 124 166 Slowest Speed 190 | 120 120 120 120 120 190 190 Overloaded Moves . | . . . . . . . Propulsion Burnouts . | . . . . . . . Robots Hopped . | . . . . . . . Cave-ins Triggered . | . . . . . . . Exploration Rate (%) 45 | 4 36 90 47 58 74 11 Regions Visited 6 Branch Regions 3 Pre-discovered Areas 3 | . . 2 1 . . . Known Exits Taken 1 | . 1 . . . . . Unknown Exits Taken 5 | 1 . 1 1 1 1 . Scrap Searched 2 | . . 1 . 1 . . Spaces Dug . | . . . . . . . Terrain Destroyed . | . . . . . . . Melee . | . . . . . . . Projectile . | . . . . . . . AOE . | . . . . . . . Terrain Rammed . | . . . . . . . Walls Destroyed . | . . . . . . . Machines Disabled . | . . . . . . . Actions | -11 -10 -10 -10 -9 -8 -7 --------- Run | Jun Mat Min Exi Min Mat Fac Total 2332 | 62 171 480 130 309 910 270 Wait 119 | . . 17 6 78 18 . Move 1968 | 49 123 450 124 201 765 256 Hop . | . . . . . . . Pick Up 14 | . 2 . . 4 8 . Fast Attach 19 | 7 1 . . 1 9 1 Attach 5 | . . . . 2 3 . Detach 1 | . . . . . 1 . Swap 5 | . . . . . 5 . Drop 19 | . 1 . . . 18 . Fire 139 | 6 38 12 . 16 58 9 Melee . | . . . . . . . Ram . | . . . . . . . Kick . | . . . . . . . Crush . | . . . . . . . Escape Stasis . | . . . . . . . Rewire . | . . . . . . . Trap . | . . . . . . . Miscellaneous 43 | . 6 1 . 7 25 4 Route ------- -11/Junkyard -10/Materials (discovered 3 exits: [*Mat] / *Min x2) -10/Mines (discovered 3 exits: [*Mat x2] / *Exi) -10/Exiles -9/Mines -8/Materials (discovered 2 exits: *Fac x2) -7/Factory (discovered 3 exits: [*Fac] / *Low x2) History --------- Turn | Location | Event 5 | -11/Junkyard | Discovered new exit (range 16) 6 | -11/Junkyard | Upgraded with Propulsion slot (x1) 6 | -11/Junkyard | Upgraded with Utility slot (x1) 6 | -11/Junkyard | Upgraded with Weapon slot (x1) 83 | -11/Junkyard | Entered Materials 138 | -10/Materials | Identified exit to Mines 312 | -10/Materials | Build established: Mutant 315 | -10/Materials | Discovered new exit (range 15) 344 | -10/Materials | Entered Mines 346 | -10/Mines | Assisted by bots powering up and referring to "LRC-V3" 378 | -10/Mines | Found a hidden stash of uninstalled traps 413 | -10/Mines | Learned location of Zion (-7) 431 | -10/Mines | Learned location of Mines (-9) 543 | -10/Mines | Assembled infested the area 614 | -10/Mines | Deemed a non-threat by the Exiles lab entrance 614 | -10/Mines | Discovered new exit (range 5) 729 | -10/Mines | Discovered new exit (range 13) 781 | -10/Mines | Discovered new exit (range 15) 934 | -10/Mines | Entered Exiles 934 | -10/Exiles | Accompanied by 3 allies 936 | -10/Exiles | Reached level 2 963 | -10/Exiles | Met 8R-AWN 985 | -10/Exiles | Met EX-HEX 1030 | -10/Exiles | Met EX-DEC 1074 | -10/Exiles | Discovered new exit (range 10) 1089 | -10/Exiles | Entered Mines 1089 | -9/Mines | Accompanied by 3 allies 1122 | -9/Mines | Reached level 3 1143 | -9/Mines | Upgraded with Utility slot (x1) 1143 | -9/Mines | Upgraded with Weapon slot (x2) 1275 | -9/Mines | Learned Materials stockpile data 1367 | -9/Mines | Excavation squad dispatched 1367 | -9/Mines | A large section of the Mines collapsed 1449 | -9/Mines | Discovered new exit (range 10) 1466 | -9/Mines | Entered Materials 1468 | -8/Materials | Reached level 4 1468 | -8/Materials | Reached level 5 1468 | -8/Materials | Reached level 6 1477 | -8/Materials | Upgraded with Utility slot (x1) 1477 | -8/Materials | Upgraded with Weapon slot (x2) 1543 | -8/Materials | Reached level 7 1720 | -8/Materials | Discovered new exit (range 7) 1771 | -8/Materials | Build established: Scavenger-Executioner 2277 | -8/Materials | Discovered new exit (range 14) 2307 | -8/Materials | Reached level 8 2318 | -8/Materials | Upgraded with Utility slot (x1) 2485 | -8/Materials | Build established: Executioner 2645 | -8/Materials | Entered Factory 2647 | -7/Factory | Reached level 9 2647 | -7/Factory | Reached level 10 2674 | -7/Factory | Upgraded with Propulsion slot (x1) 2902 | -7/Factory | Identified exit to Lower Caves 2977 | -7/Factory | Reached level 11 3081 | -7/Factory | Discovered new exit (range 3) 3096 | -7/Factory | Self-destructed Last Messages --------------- 02955_ Acquired 65 matter. 02955_ Acquired 1 matter. 02963_ R-06 Scavenger collects Visual Processing Unit. 02977_ Reached level 11. 02977_ L-41 Fighter destroyed. 02977_ Switching to secondary target: G-47 Trooper. 02977_ G-47 Trooper destroyed. 02978_ Acquired 44 matter. 02979_ G-47 Trooper destroyed. 02980_ Acquired 12 matter. 02980_ Acquired 10 matter. 02985_ Acquired Carbon-fiber Leg. 02986_ Acquired 10 matter. 02989_ Used Protomatter to restore core integrity (+48) 02991_ Used Protomatter to restore part integrity (+38) 03004_ G-47 Trooper destroyed. 03005_ Acquired 22 matter. 03049_ Protomatter-41 decays. 03070_ K-01 Serf collects debris. 03081_ EXIT=FOUND Map ----- +----------------------------------------------------+ | ?????????????????????????????????????????????????? | | ?????????????????????????????????????????????????? | | ?????????????????????????????????????????????????? | | ?????????????????????????????????????????????????? | | ?????????????????????????????????????????????????? | | ?????????????????????????????????????????????????? | | ?????????????????????????????????????????????????? | | ????????????????????????????????#????????????????? | | ????????????????????????? ? ?? ?? ????????????? | | ??????????????????????? ?? # #?? ??????????????? | | ?????????????????????????? # #?????????????????? | | ??????????????????????###??# # "????"? ????????# | | ????????????????????????#??# +?""? ??" ?????#?# | | ?????????????????? ????? ? # #??????????? #?#??# | | ????????????????? ?? ?????# # ? ??? ?# ? ? | | ???????????????????????"" # #? ??"?? ?# """ | | ???????????????? ???????? ?# #?? ??"??? ?# """ | | ??????????????? ????""?"?? + #?? ???"? ? ?#?""" | | ????????????? ????? ??? ??# # ? ? ? # | | ?????????????"??"? ?? ?????# # ?? ?? ? ? ? ? | | ????????????#####??????##??# ############?# | | ????????????? ########## ### ########### | | ????????????? T ### ^ | | ???????????? ?"" < ^ | | ????????????# ### | | ????????????? #######@######?# !########### | | ??????????#???????#?#?? ####+############# | | ?????????????? ???? # """""??# ##?##?## | | ??????????? ? ?? ? # """"" # """ """ ######## | | ??????????????????? # """ # """ """ + | | ???????????????? ?? # # """ """ ######+# | | ??????????????????? # """"" # # ? | | ??????????? ????????# """"" /# "F "" #? | | ???????????? ????? ?# """? # """"" # | | ??????????????? ????# ?? ? # """"" !# ! [ | | ?????????????????##??####??###???#?############### | | | | | | | | | | | | | | | | | | | | | | | | | | | | | +----------------------------------------------------+ Best States ------------- Heat Dissipation 49 Energy Generation 14 Energy Capacity 250 Matter Stores 300 Matter Capacity 300 Sight Range 16 Terrain Scan Range 16 Terrain Scan Density 310 Resistance: KI 20 Resistance: TH 20 Resistance: EX 20 Resistance: EM 20 Resistance: I 20 Resistance: S 20 Resistance: P 20 Weapon Cycling 15 Evasion (%) 55 Targeting Accuracy 5 Core Analysis 6 Recoil Reduction 4 Offensive Hacking 10 Item Schematics ----------------- None Robot Schematics ------------------ None Fabricated ------------ Nothing Alien Tech Used ----------------- None Achievements -------------- None Challenges ------------ None RPGLIKE | -11 -10 -10 -10 -9 -8 -7 --------- Run | Jun Mat Min Exi Min Mat Fac Levels Raised 10 | . . . 1 1 5 3 XP Earned 19421 | 4000 790 608 200 2572 7798 3453 XP Spent 16290 | 4000 . . . 2970 7420 1900 Upgrades 26 | 7 . . . 6 11 2 Propulsion Slot 2 | 1 . . . . . 1 Utility Slot 4 | 1 . . . 1 2 . Weapon Slot 5 | 1 . . . 2 2 . Heat Dissipation 4 | . . . . . 4 . Inventory Capacity 4 | 4 . . . . . . Terrain Scan Density 3 | . . . . 3 . . KI Damage % 4 | . . . . . 3 1 Protomatter Created 717 | . 41 . . 116 469 91 Integrity Restored 758 | . 118 12 . 135 407 86 Core 513 | . 100 12 . 80 273 48 Parts 245 | . 18 . . 55 134 38 Protomatter Decayed 561 | . . 48 . 61 390 62 Game ------ Seed EnhancedShrapnelMultirail Manual? 0 Play Time 00:21:57 Cumulative 128.9 hours Start 2023.05.18 @ 10:18:51 End 2023.05.19 @ 15:24:35 Sessions 2 Manual Loads 0 Difficulty Adventurer Special Mode Winter2019/RPGLIKE Game No. 91 Rogue 46 Adventurer 11 Explorer 34 Win Type - Total 19 Types 10/0/4/4/1/0/0/0/0 Lore% 75 Gallery% 71 Achievement% 76 Wizard Run 0 Options --------- ASCII 0 Keyboard 0 Movement Mouse Keybinds 0 Fullscreen 1 Font 18/Smallcaps Map View 76x50 Tactical HUD 1 Map Filters NONE Filters NONE Steam 1 RUN: 3b49a142-19ea-438f-a839-ca9d67894659